 Dungeon Crawl Stone Soup version 0.29.1-13-g9f3cf754e1 (webtiles) character file.

Game seed: 10490007401347989484

6 KittyFluff the Trooper (level 1, -1/14 HPs)
             Began as a Gargoyle Berserker on Feb 5, 2023.
             Was a Follower of Trog.
             Slain by a gnoll
             ... wielding a +0 club
              (5 damage)
             ... on level 1 of the Dungeon.
             The game lasted 00:00:34 (86 turns).

KittyFluff the Trooper (Gargoyle Berserker)           Turns: 86, Time: 00:00:34

Health: -1/14      AC:  4    Str: 20    XL:     1   Next: 90%
Magic:  1/1        EV:  9    Int:  7    God:    Trog [*.....]
Gold:   0          SH:  6    Dex:  9    Spells: 0/0 levels left

rFire   . . .      SeeInvis .   a - +0 mace
rCold   . . .      Faith    .   c - +0 kite shield
rNeg    + . .      Spirit   .   b - +0 animal skin
rPois   ∞          Reflect  .   (no helmet)
rElec   +          Harm     .   (no cloak)
rCorr   .          Rampage  .   (no gloves)
Will    .....                   (no boots)
Stlth   +.........              (no amulet)
HPRegen 0.04/turn               (no ring)
MPRegen 0.07/turn               (no ring)

@: no status effects
A: sickness immunity, AC +2, negative energy resistance 1, electricity
resistance, torment resistance 1, petrification resistance
a: Renounce Religion, Berserk


You were on level 1 of the Dungeon.
You worshipped Trog.
Trog was aware of your devotion.
You visited 1 branch of the dungeon, and saw 1 of its levels.

Inventory:

Hand Weapons
 a - a +0 mace (weapon)
Armour
 b - a +0 animal skin (worn)
 c - a +0 kite shield (worn)
Scrolls
 d - a scroll of identify {unknown}


   Skills:
 + Level 3.4 Fighting
 + Level 3.1 Maces & Flails
 * Level 2.3 Armour
 + Level 1.6 Dodging


You couldn't memorise any spells.
You didn't know any spells.
Your spell library was empty.

Dungeon Overview and Level Annotations

Branches:
Dungeon (1/15)

Altars:


Innate Abilities, Weirdness & Mutations

You are immune to sickness and miasma.
Your stone body is resilient. (AC +2)
You are immune to poison.
You resist negative energy. (rN+)
You are resistant to electric shocks. (rElec)
You are resistant to unholy torment.
You are immune to petrification.


Message History

A bat comes into view.
Things that are here:
a giant cockroach corpse; a hobgoblin corpse The bat hits you but does no damage. x2
Things that are here:
a giant cockroach corpse; a hobgoblin corpse You closely miss the bat.
The bat barely misses you. The bat closely misses you.
You barely miss the bat. The bat closely misses you. The bat hits you.
You hit the bat.
You kill the bat!
Trog accepts your kill.
You start putting on your armour.
You continue putting on your +0 kite shield. x4
You finish putting on your +0 kite shield.
Found a spear.
You see here a +0 spear.
Found a scroll labelled ZUR DYWUYBULE.
Found a stone staircase leading down.
An endoplasm comes into view.
The endoplasm freezes you.
You are frozen.
You barely miss the endoplasm. The endoplasm freezes you.
You are frozen.
* * * LOW HITPOINT WARNING * * *
You sock the endoplasm!
You kill the endoplasm!
Trog accepts your kill.
Found 3 scrolls labelled DUDGHIGGUTWA.
A gnoll comes into view. It is wielding a +0 club.
The gnoll shouts!
You hear a shout! x2
You see here a scroll labelled ZUR DYWUYBULE.
d - a scroll labelled ZUR DYWUYBULE You barely miss the gnoll.
The gnoll hits you but does no damage.
You sock the gnoll!
The gnoll is heavily wounded.
The gnoll hits you with a +0 club.
You die...

##### ....
##..#### ......
#g.####.#.
#@.......?
#..####... #..#
#..# #..# #..###
########## #....#
#........#
#.##.######.≈≈...#
...
#.##...#.≈≈...#


You could see a gnoll.

Vanquished Creatures
  A bat (D:1)
  An endoplasm (D:1)
  A giant cockroach (D:1)
  A hobgoblin (D:1)
  A ball python (D:1)
5 creatures vanquished.

Notes
Turn   | Place    | Note
-------+----------+-------------------------------------------
     0 | D:1      | KittyFluff the Gargoyle Berserker began the quest for the
                  | Orb.
     0 | D:1      | Reached XP level 1. HP: 14/14 MP: 1/1
    86 | D:1      | Slain by a gnoll

Illustrated notes

Levels and vault maps discovered:
D:1:      amcnicky_arrival_single_pillar, layout_loops_ring,
          nicolae_ecumenical_lake_church, minivault_23

Action                   || total
-------------------------++-------
Melee: Mace              ||    18
Armor: Animal skin       ||     7
Dodge: Dodged            ||    11
